 Dungeon Crawl Stone Soup version 0.25-a0-447-gff83419037 (webtiles) character file.

Game seed: 6342481664377171051, levelgen mode: deterministic

167 Erk the Cudgeler (level 5, 0/41 HPs)
             Began as a Centaur Gladiator on Jan 31, 2020.
             Slain by an orc priest (6 damage)
             ... on level 4 of the Dungeon.
             The game lasted 00:06:59 (2273 turns).

Erk the Cudgeler (Centaur Gladiator)                Turns: 2273, Time: 00:07:00

Health: 0/41       AC:  5    Str: 17    XL:     5   Next: 23%
Magic:  0/5        EV: 10    Int:  7    God:
Gold:   206        SH:  0    Dex: 11    Spells: 4/4 levels left

rFire    . . .     SeeInvis .   a - +0 flail
rCold    . . .     Gourm    .   (no shield)
rNeg     . . .     Faith    .   b - +0 leather armour
rPois    .         Spirit   +   c - +0 helmet
rElec    .         Reflect  .   (no cloak)
rCorr    .         Harm     .   (no gloves)
MR       .....                  (no barding)
Stlth    +.........             i - amulet of guardian spirit
HPRegen  0.13/turn              (no ring)
MPRegen  0.09/turn              (no ring)

@: very quick
A: large, hooves 3, deformed body, speed 2, tough skin 3
a: no special abilities


You were on level 4 of the Dungeon.
You were near starving.

You visited 1 branch of the dungeon, and saw 4 of its levels.

You collected 206 gold pieces.

Inventory:

Hand Weapons
 a - a +0 flail (weapon)
Missiles
 d - 5 throwing nets (quivered)
Armour
 b - a +0 leather armour (worn)
 c - a +0 helmet (worn)
Jewellery
 i - an amulet of guardian spirit (around neck)
Scrolls
 k - a scroll of identify {unknown}
 l - 2 scrolls of remove curse {unknown}
 m - a scroll of fog {unknown}
 n - a scroll of random uselessness {unknown}
Potions
 e - a potion of curing
 g - a potion of lignification {unknown}
 h - 2 potions of mutation {unknown}
 j - a potion of heal wounds {unknown}
Comestibles
 f - 13 rations


   Skills:
 - Level 2.0 Fighting
 + Level 5.4 Maces & Flails
 - Level 2.1 Throwing
 - Level 2.1 Dodging


You had 4 spell levels left.
You didn't know any spells.
Your spell library contained the following spells:

 Spells                   Type           Power        Failure   Level  Hunger
 Magic Dart               Conj           #...         50%         1    ##.....
 Blink                    Tloc           N/A          65%         2    ###....
 Call Imp                 Summ           #.......     65%         2    ###....
 Slow                     Hex            #.......     65%         2    ###....
 Conjure Flame            Conj/Fire      #.......     86%         3    ####...
 Mephitic Cloud           Conj/Pois/Air  #.......     86%         3    ####...


Dungeon Overview and Level Annotations

Branches:
Dungeon (4/15)
 Temple: D:4-7

Altars:
Fedhas
Okawaru
Ru
Sif Muna


Innate Abilities, Weirdness & Mutations

You have hooves in place of feet.
Armour fits poorly on your strangely shaped body.
You cover ground very quickly.
You have extremely tough skin. (AC +3)


Message History

The orc priest hits you but does no damage.
You sock the orc priest! Your kick misses the orc priest.
The orc priest is almost dead.
The orc priest barely misses you.
You hit the orc priest.
You kill the orc priest!
You barely miss the orc priest.
You kick the orc priest, but do no damage.
The orc priest calls down the wrath of Beogh upon you.
Pain shoots through your body!
* * * LOW HITPOINT WARNING * * *
You hit the orc priest but do no damage.
The orc priest hits you but does no damage.
You hit the orc priest. Your kick misses the orc priest.
The orc priest is lightly wounded.
The orc priest barely misses you.
You closely miss the orc priest. You kick the orc priest.
The orc priest is moderately wounded.
The orc priest hits you.
You die...

##.#.####.....#..#
.####...........##..#
#.............#####..#
########.###### #..#
#.# #..# #o#
#####..#####. #.#
#......#.....
#.######.####.#.###.
#.o@.....# #..<.##.
########## #.......
##...#.. ##.##..
#..... ####.. #.# #.#
#.#


You could see an orc priest.

Vanquished Creatures
  An orc priest (D:4)
  A hound (D:4)
  A worker ant (D:4)
  2 adders
  A worm (D:2)
  A leopard gecko (D:3)
  3 orcs
  5 bats
  A giant cockroach (D:2)
  12 goblins
  7 hobgoblins
  2 jackals (D:2)
  A quokka (D:4)
  2 ball pythons
  4 frilled lizards
  6 kobolds
  8 rats
58 creatures vanquished.

Notes
Turn   | Place    | Note
-------+----------+-------------------------------------------
     0 | D:1      | Erk the Centaur Gladiator began the quest for the Orb.
     0 | D:1      | Reached XP level 1. HP: 17/17 MP: 1/1
   132 | D:1      | Reached skill level 3 in Maces & Flails
   205 | D:1      | Reached XP level 2. HP: 18/24 MP: 2/2
   289 | D:1      | You fall into a shaft and drop 1 floor!
   390 | D:2      | Found a shimmering blue altar of Sif Muna.
   450 | D:2      | Reached XP level 3. HP: 23/29 MP: 3/3
   555 | D:2      | Reached skill level 4 in Maces & Flails
   994 | D:3      | Found a blossoming altar of Fedhas.
  1049 | D:3      | Found an iron altar of Okawaru.
  1546 | D:3      | Reached XP level 4. HP: 15/36 MP: 4/4
  1948 | D:4      | Found a sacrificial altar of Ru.
  2058 | D:4      | Reached skill level 5 in Maces & Flails
  2266 | D:4      | Reached XP level 5. HP: 21/41 MP: 2/5
  2273 | D:4      | Slain by an orc priest

Levels and vault maps discovered:
D:1:      ldierk_walled_garden_2, layout_loops_ring, serial_glass,
          glass_columns_a, glass_columns_b, glass_columns_b, glass_columns_b,
          glass_columns_c, glass_columns_c, roderic_three_in_a_row
D:2:      layout_basic, led_sif_pool
D:3:      kb_forest_paths, layout_basic, nicolae_overflow_crystal_walls,
          lemuel_round_altar
D:4:      layout_loops_ring, lemuel_doored_altar,
          nemelex_xobeh_ov_fountains_minmay, minitemple, st_stairs_4,
          uniq_crazy_yiuf_cottage, uniq_duvessa

Skill      XL: |  1  2  3  4 |
---------------+-------------+-----
Maces & Flails | 3 4 5 |  5.4
Fighting       | |  2.0
Throwing       | |  2.1
Dodging        | |  2.1

Action                   |  1- 3 |  4- 6 || total
-------------------------+-------+-------++-------
Melee: Flail             |   115 |    29 ||   144
       Kick              |    22 |     7 ||    29
  Use: Potion            |       |     1 ||     1
  Eat: Chunk             |       |     1 ||     1
Armor: Leather armour    |    43 |     5 ||    48
Dodge: Dodged            |    74 |    12 ||    86

Table legend:
 A = Non-vault XP
 B = Vault XP
 C = Vault XP percentage of total XP
 D = Non-vault monster count
 E = Vault monster count
 F = Vault count percentage of total count
                 A         B        C        D         E       F
            +---------+---------+-------+---------+---------+-------
      Total |     217 |      22 |   9.2 |      52 |       6 |  10.3
            +---------+---------+-------+---------+---------+-------
        D:1 |      20 |       0 |   0.0 |      12 |       0 |   0.0
        D:2 |      53 |       0 |   0.0 |      24 |       0 |   0.0
        D:3 |      17 |      22 |  56.4 |      10 |       6 |  37.5
        D:4 |     127 |       0 |   0.0 |       6 |       0 |   0.0
            +---------+---------+-------+---------+---------+-------
